 Dungeon Crawl Stone Soup version 0.18.1-48-g4cf74bf (webtiles) character file.

68380 Eukament the Demonic Cataclysm (level 14, -2/114 HPs)
             Began as a Demonspawn Gladiator on Aug 12, 2016.
             Was a High Priest of Qazlal.
             Slain by an 11-headed hydra (5 damage)
             ... on level 1 of the Swamp.
             The game lasted 02:05:04 (21730 turns).

Eukament the Demonic Cataclysm (DsGl)              Turns: 21730, Time: 02:05:04

Health: -2/114     AC: 26    Str: 23    XL:     14   Next: 86%
Magic:  0/33       EV:  6    Int: 13    God:    Qazlal [*****.]
Gold:   875        SH:  7    Dex: 14    Spells: 1 memorised, 12 levels left

rFire  + . .     SeeInvis +     d - +5 great sword "Ulosotio" {slice, rElec MP+9 Int+3}
rCold  + + .     Gourm    .     o - +1 crystal plate armour
rNeg   + . .     Faith    .     (shield currently unavailable)
rPois  +         Spirit   +     (helmet unavailable)
rElec  +         Dismiss  .     J - +1 cloak of Happiness {Str+3}
rCorr  +         Reflect  .     D - +0 pair of gloves
SustAt .         Harm     .     V - +0 pair of boots
MR     ++...     Rnd*Rage +     I - amulet of guardian spirit
Stlth  ..........               E - ring of resist corrosion
                                H - ring of Okawaru's Hatred {rN+ MR+ EV-2}

@: protected from physical damage, repel missiles, very resistant to hostile
enchantments, extremely unstealthy
A: antennae 3, claws 1, slimy green scales 3, berserk 1, blink, cold resistance
2, deformed body, fire resistance 1, mutation resistance 1, spiny 3, no device
heal 1, MP-powered wands
a: Blink, Upheaval, Elemental Force, Disaster Area, Renounce Religion


You were on level 1 of the Swamp.
You worshipped Qazlal.
Qazlal was extremely pleased with you.
You were very full.

You visited 3 branches of the dungeon, and saw 20 of its levels.
You also visited: Labyrinth.

You collected 1215 gold pieces.
You spent 340 gold pieces at shops.

Inventory:

Hand Weapons
 d - the +5 great sword "Ulosotio" (weapon) {slice, rElec MP+9 Int+3}
   (You found it in a labyrinth)

   It inflicts extra damage upon your enemies.
   It affects your intelligence (+3).
   It insulates you from electricity.
   It affects your magic capacity (+9).
 C - a +4 war axe of freezing
Armour
 o - a +1 crystal plate armour (worn)
 r - the +1 ring mail of the Six Demons {MR+}
   (You found it on level 2 of the Lair of Beasts)

   It affects your resistance to hostile enchantments.
 B - a +0 large shield
 D - a +0 pair of gloves (worn)
 J - the +1 cloak of Happiness (worn) {Str+3}
   (You found it in a labyrinth)

   It affects your strength (+3).
 V - a +0 pair of boots (worn)
Jewellery
 A - an uncursed ring of protection from magic
 E - a ring of resist corrosion (right hand)
 G - an uncursed ring of fire
 H - the ring of Okawaru's Hatred (left hand) {rN+ MR+ EV-2}
   (You took it off a minotaur in a labyrinth)

   [ring of evasion]

   It affects your evasion (-2).
   It protects you from negative energy.
   It affects your resistance to hostile enchantments.
 I - an amulet of guardian spirit (around neck)
Wands
 j - a wand of teleportation (2/9)
 m - a wand of polymorph (11/24)
 w - a wand of digging (14/24)
 L - a wand of flame (28/48)
 O - a wand of polymorph (3/24)
 T - a wand of paralysis (9/24)
 U - a wand of iceblast (2/15)
 X - a wand of polymorph (13/24)
 Y - a wand of polymorph (12/24)
Scrolls
 c - a scroll of remove curse
 e - 4 scrolls of amnesia
 l - 2 scrolls of fog
 t - 2 scrolls of recharging
 x - 4 scrolls of teleportation
Potions
 b - 3 potions of flight
 f - 8 potions of brilliance
 g - 10 potions of curing
 k - a potion of might
 u - a potion of resistance
 M - 2 potions of lignification
Books
 a - a book of Ice

   Spells                             Type                      Level
   a - Ice Form                       Ice/Transmutation            4
   b - Metabolic Englaciation         Hexes/Ice                    5
   c - Ozocubu's Refrigeration        Ice                          6
   d - Bolt of Cold                   Conjuration/Ice              6
   e - Freezing Cloud                 Conjuration/Ice/Air          6
   f - Simulacrum                     Ice/Necromancy               6
 n - a book of Maledictions

   Spells                             Type                      Level
   a - Corona                         Hexes                        1
   b - Ensorcelled Hibernation        Hexes/Ice                    2
   c - Confuse                        Hexes                        3
   d - Tukima's Dance                 Hexes                        3
   e - Dazzling Spray                 Conjuration/Hexes            3
 q - a book of Party Tricks

   Spells                             Type                      Level
   a - Summon Butterflies             Summoning                    1
   b - Apportation                    Translocation                1
   c - Tukima's Dance                 Hexes                        3
   d - Alistair's Intoxication        Transmutation/Poison         5
   e - Invisibility                   Hexes                        6
 R - a book of the Sky

   Spells                             Type                      Level
   a - Summon Lightning Spire         Summoning/Air                4
   b - Airstrike                      Air                          4
   c - Silence                        Hexes/Air                    5
   d - Deflect Missiles               Charms/Air                   6
   e - Conjure Ball Lightning         Conjuration/Air              6
   f - Tornado                        Air                          9
Miscellaneous
 z - a disc of storms
 F - a phantom mirror
Comestibles
 p - 7 fruits
 K - 11 royal jellies
 N - 9 beef jerkies
 P - 7 bread rations


   Skills:
 - Level 11.7 Fighting
 + Level 0.8 Long Blades
 - Level 11.1 Axes
 - Level 1.7 Throwing
 - Level 10.1 Armour
 - Level 8.9 Dodging
 - Level 10.5 Shields
 - Level 13.9 Invocations


You had 12 spell levels left.
You knew the following spells:

 Your Spells              Type           Power        Failure   Level  Hunger
a - Apportation           Tloc           #.........   100%        1    ##.....


Dungeon Overview and Level Annotations

Branches:
Dungeon (11/15)              Lair (8/8) D:8           Swamp (1/4) Lair:5
  Snake (0/4) Lair:5        Slime (0/6) Lair:6          Orc (0/2) D:11
 Temple: D:4-7

Altars:
Cheibriados
Dithmenos
Nemelex Xobeh
Qazlal
Vehumet
Xom
Yredelemnul
Zin
The Shining One
Jiyva

Shops:
D:5 *   D:8 [   D:10 !

Annotations:
D:5 exclusion: statue


Innate Abilities, Weirdness & Mutations

You have a pair of large antennae on your head (SInv).
You are completely covered in slimy green scales (AC +4, rPois).
Your flesh is very cold resistant.
You are completely covered in sharp spines.
You have sharp fingernails.
You tend to lose your temper in combat.
You can translocate small distances at will.
Armour fits poorly on your strangely shaped body.
Your flesh is heat resistant.
You are somewhat resistant to further mutation.
Potions and wands are less effective at restoring your health.
You expend magic power (3 MP) to strengthen your wands.


Message History

The ten-headed hydra closely misses you.
The ten-headed hydra completely misses you.
The ten-headed hydra barely misses you.
You lop one of the ten-headed hydra's heads off!
The nine-headed hydra grows two more!
You slash the 11-headed hydra!
The 11-headed hydra is severely wounded.
The 11-headed hydra bites you but does no damage.
The 11-headed hydra bites you!
* * * LOW HITPOINT WARNING * * *
The 11-headed hydra bites you but does no damage.
The 11-headed hydra bites you.
* * * LOW HITPOINT WARNING * * *
You feel more protected from physical attacks.
The 11-headed hydra bites you but does no damage.
The 11-headed hydra bites you!
* * * LOW HITPOINT WARNING * * *
The 11-headed hydra bites you.
* * * LOW HITPOINT WARNING * * *
The 11-headed hydra bites you.
You die...

♣..≈≈≈... .♣♣♣ ≈≈..≈.
≈§≈≈.≈≈.≈ ♣.≈♣ ≈≈≈≈♣
..≈≈≈≈≈.♣ ♣..♣ ..≈≈♣♣♣
.(...≈≈.♣ ♣..♣♣?.≈≈..♣
≈....≈≈≈♣♣♣≈..§.$.....
...≈≈≈≈≈.≈♣♣..$≈≈.....
..≈≈≈≈§§§§÷.....≈.♣
≈≈.≈≈§≈.§♣♣÷.....♣♣♣
≈≈.♣.≈§@♣♣♣♣)...≈.≈♣
≈≈.≈♣♣♣.D♣♣≈).≈≈≈≈.♣
... ♣≈..§§.§♣.≈≈≈≈.♣
.. ♣..≈≈..≈♣♣♣♣♣♣..♣ .
...≈≈≈≈.♣♣ ♣...
§≈≈≈≈≈≈.♣ { ≈..
≈.)..≈≈≈≈♣ {{
♣♣♣.≈♣♣≈..♣


{{{{ ... ♣♣♣♣♣ { { You could see a 11-headed hydra.

Vanquished Creatures
  A minotaur (Lab)
  3 catoblepae (Lair:8)
  5 hydras
  Erica (D:10)
  14 death yaks
  A tengu warrior (D:11)
  An unseen horror (D:11)
  A swamp dragon (Swamp:1)
  A hill giant (D:10)
  A lindwurm (Lair:4)
  An ugly thing (D:11)
  A griffon (Lair:8)
  A manticore (D:11)
  18 elephants
  7 black mambas
  Joseph (D:8)
  A gargoyle (D:10)
  23 spiny frogs
  3 rime drakes
  A kobold demonologist (D:11)
  6 komodo dragons
  A polar bear (Lair:1)
  A troll (D:9)
  A two-headed ogre (D:11)
  A giant leech (Swamp:1)
  3 slime creatures (Swamp:1)
  8 blink frogs
  2 spriggans (Swamp:1)
  3 shadows (Swamp:1)
  Sigmund (D:6)
  5 wyverns
  10 hippogriffs
  54 yaks
  A hungry ghost (D:11)
  2 basilisks
  5 vampire mosquitoes (Lair:5)
  8 nagas (Lair:5)
  2 swamp worms (Swamp:1)
  13 water moccasins
  11 porcupines
  3 soldier ants (D:10)
  A swamp drake (Swamp:1)
  7 orc warriors
  An ice beast (D:5)
  3 phantoms
  A sky beast (D:5)
  2 wasps (Swamp:1)
  14 wolves
  5 ogres
  13 centaurs
  16 crocodiles
  7 big kobolds
  2 wyvern zombies
  15 giant frogs
  A gnoll sergeant (D:10)
  7 scorpions
  12 killer bees
  10 wights (D:9)
  5 howler monkeys
  7 crimson imps
  4 electric eels
  2 giant frog zombies
  A jelly (D:7)
  3 quasits
  A gnoll shaman (D:9)
  9 orc wizards
  8 orc priests
  3 giant frog skeletons
  5 hounds
  3 centaur skeletons
  7 iguanas
  10 worker ants
  6 sheep (Lair:8)
  A hound zombie (D:5)
  Robin (D:4)
  9 gnolls
  A worker ant zombie (D:9)
  14 adders
  67 river rats
  A shadow imp (D:6)
  2 oozes
  An adder skeleton (D:7)
  An adder zombie (D:10)
  2 worms
  2 dart slugs (D:2)
  3 giant geckos
  36 orcs
  2 ball pythons
  9 giant cockroaches
  20 goblins
  6 hobgoblins
  5 jackals
  33 kobolds
  2 quokkas
  5 bats
  A giant gecko skeleton (D:4)
  A giant gecko zombie (D:5)
  A giant newt (D:3)
  A quokka skeleton (D:4)
  A quokka zombie (D:8)
  8 rats
  10 bushes (Lair:7)
  53 fungi
  29 plants
746 creatures vanquished.

Vanquished Creatures (collateral kills)
  A hydra (Swamp:1)
  3 death yaks (Lair:7)
  A spriggan (Swamp:1)
  A wasp (Swamp:1)
  A bush (Lair:7)
7 creatures vanquished.

Vanquished Creatures (others)
  2 river rats (Lair:5)
  2 bushes (Lair:7)
  17 fungi
  12 plants
33 creatures vanquished.

Grand Total: 786 creatures vanquished

Notes
Turn   | Place    | Note
--------------------------------------------------------------
     0 | D:1      | Eukament the Demonspawn Gladiator began the quest for the Orb.
     0 | D:1      | Reached XP level 1. HP: 16/16 MP: 1/1
   256 | D:1      | Found a glowing golden altar of the Shining One.
   274 | D:1      | Gained mutation: You are partially covered in sharp spines. [demonic ancestry]
   274 | D:1      | Reached XP level 2. HP: 20/23 MP: 2/2
   417 | D:1      | Gained mutation: You have a pair of small antennae on your head. [demonic ancestry]
   417 | D:1      | Reached XP level 3. HP: 28/28 MP: 3/3
   470 | D:2      | Found a stormy altar of Qazlal.
   484 | D:2      | Found a glowing silver altar of Zin.
   538 | D:2      | Became a worshipper of Qazlal Stormbringer
   732 | D:2      | Gained mutation: Your flesh is cold resistant. [demonic ancestry]
   732 | D:2      | Reached XP level 4. HP: 32/35 MP: 4/4
  1076 | D:3      | Reached * piety under Qazlal
  1076 | D:3      | Gained mutation: You are partially covered in slimy green scales (AC +2). [demonic ancestry]
  1076 | D:3      | Reached XP level 5. HP: 24/42 MP: 5/5
  1394 | D:3      | Found a snail-covered altar of Cheibriados.
  1553 | D:4      | Noticed Robin
  1554 | D:4      | Found a shadowy altar of Dithmenos.
  1558 | D:4      | Gained mutation: You are mostly covered in sharp spines. [demonic ancestry]
  1558 | D:4      | Reached XP level 6. HP: 42/49 MP: 6/6
  1559 | D:4      | Killed Robin
  1608 | D:4      | Reached skill level 5 in Axes
  1629 | D:4      | Reached skill level 5 in Fighting
  1683 | D:4      | Reached XP level 7. HP: 45/56 MP: 7/7
  1718 | D:4      | Found a shadowy altar of Dithmenos.
  1897 | D:5      | Entered Level 5 of the Dungeon
  1933 | D:5      | Reached ** piety under Qazlal
  2102 | D:5      | Found Demuing's Elemental Accessories.
  2149 | D:5      | Reached XP level 8. HP: 65/65 MP: 8/8
  2285 | D:5      | Found a radiant altar of Vehumet.
  2582 | D:6      | Noticed Sigmund
  2589 | D:6      | Killed Sigmund
  2589 | D:6      | Reached skill level 1 in Armour
  2589 | D:6      | Reached skill level 1 in Invocations
  2593 | D:6      | Reached skill level 2 in Invocations
  2944 | D:6      | Reached XP level 9. HP: 71/74 MP: 11/11
  2955 | D:6      | Gained mutation: Your flesh is very cold resistant. [potion of mutation]
  2955 | D:6      | Gained mutation: Scrolls take you a little longer to read. [potion of mutation]
  2955 | D:6      | Gained mutation: Armour fits poorly on your strangely shaped body. [potion of mutation]
  3019 | D:7      | Reached skill level 3 in Invocations
  3643 | D:7      | Reached *** piety under Qazlal
  4268 | D:8      | Noticed Joseph
  4334 | D:8      | Reached skill level 4 in Invocations
  4346 | D:8      | Reached skill level 1 in Shields
  4346 | D:8      | Reached skill level 5 in Invocations
  4358 | D:8      | Killed Joseph
  4359 | D:8      | Reached skill level 6 in Invocations
  4449 | D:8      | Gained mutation: You have a pair of antennae on your head. [demonic ancestry]
  4449 | D:8      | Reached XP level 10. HP: 80/83 MP: 14/14
  4481 | D:8      | Found a staircase to the Lair.
  4719 | D:8      | Found a sparkling altar of Nemelex Xobeh.
  4746 | D:8      | Found Luoph's Antique Armour Boutique.
  5030 | D:9      | Found a basalt altar of Yredelemnul.
  5055 | D:9      | Reached **** piety under Qazlal
  5288 | D:9      | Reached skill level 7 in Invocations
  5391 | D:9      | Reached skill level 8 in Invocations
  5879 | D:9      | Reached skill level 5 in Armour
  6075 | D:9      | Reached skill level 9 in Invocations
  6922 | D:9      | Gained mutation: You can translocate small distances at will. [potion of mutation]
  6922 | D:9      | Gained mutation: You have sharp fingernails. [potion of mutation]
  6922 | D:9      | Gained mutation: Your flesh is heat resistant. [potion of mutation]
  6926 | D:10     | Entered Level 10 of the Dungeon
  7105 | D:10     | Noticed a hill giant
  7114 | D:10     | Killed a hill giant
  7427 | D:10     | Gained mutation: You are mostly covered in slimy green scales (AC +3). [demonic ancestry]
  7427 | D:10     | Reached XP level 11. HP: 87/90 MP: 18/18
  7851 | D:10     | Found a shimmering altar of Xom.
  7903 | D:10     | Reached skill level 10 in Invocations
  8180 | D:10     | Reached ***** piety under Qazlal
  8180 | D:10     | Reached skill level 10 in Fighting
  8479 | D:10     | Noticed Erica
  8486 | D:10     | Killed Erica
  8740 | D:10     | Gained mutation: Potions and wands are less effective at restoring your health. [potion of mutation]
  8740 | D:10     | Gained mutation: You expend magic power (3 MP) to strengthen your wands. [potion of mutation]
  8740 | D:10     | Lost mutation: Scrolls take you a little longer to read. [potion of mutation]
  8741 | D:10     | Gained mutation: You tend to lose your temper in combat. [potion of mutation]
  8741 | D:10     | Gained mutation: You are somewhat resistant to further mutation. [potion of mutation]
  8804 | D:10     | Found Qeawiu's Distillery.
  8812 | D:10     | Bought a potion of curing for 51 gold pieces
  8812 | D:10     | Bought a potion of curing for 51 gold pieces
  8812 | D:10     | Bought a potion of might for 68 gold pieces
  8812 | D:10     | Bought a potion of haste for 170 gold pieces
  9104 | D:11     | Noticed a tengu warrior
  9109 | D:11     | Killed a tengu warrior
  9109 | D:11     | Reached skill level 11 in Invocations
  9220 | D:11     | Noticed a red ugly thing
  9230 | D:11     | Killed a red ugly thing
  9242 | D:11     | Found a staircase to the Orcish Mines.
  9246 | D:11     | Killed an unseen horror
  9246 | D:11     | Reached skill level 5 in Shields
  9504 | D:11     | Reached skill level 12 in Invocations
  9561 | D:11     | Gained mutation: You are completely covered in slimy green scales (AC +4, rPois). [demonic ancestry]
  9561 | D:11     | Reached XP level 12. HP: 90/98 MP: 21/21
  9688 | D:10     | Reached skill level 10 in Axes
  9777 | Lair:1   | Entered Level 1 of the Lair of Beasts
  9925 | Lair:1   | Noticed a seven-headed hydra
  9934 | Lair:1   | Killed a nine-headed hydra
 11060 | Lair:2   | Got a brightly glowing ring mail
 11071 | Lair:2   | Identified the cursed +1 ring mail of the Six Demons {MR+} (You found it on level 2 of the Lair of Beasts)
 12687 | Lair:4   | Reached ****** piety under Qazlal
 12707 | Lair:4   | Gained mutation: You have a pair of large antennae on your head (SInv). [demonic ancestry]
 12707 | Lair:4   | Reached XP level 13. HP: 66/106 MP: 16/22
 13258 | Lair:4   | Reached skill level 13 in Invocations
 14553 | Lair:5   | Found a staircase to the Snake Pit.
 14851 | Lair:5   | Found a staircase to the Swamp.
 15442 | Lair:5   | Learned a level 1 spell: Apportation
 16412 | Lair:6   | Found a viscous altar of Jiyva.
 16413 | Lair:6   | Found a staircase to the Slime Pits.
 17358 | Lair:7   | Gained mutation: You are completely covered in sharp spines. [demonic ancestry]
 17358 | Lair:7   | Reached XP level 14. HP: 97/114 MP: 15/24
 17379 | Lair:7   | Reached skill level 10 in Armour
 18890 | Lair:8   | Entered Level 8 of the Lair of Beasts
 18962 | Lair:8   | Reached skill level 5 in Dodging
 19141 | Lair:8   | Found a labyrinth entrance.
 19150 | Lab      | Entered a labyrinth
 19344 | Lab      | Got a shimmering bronze ring
 19357 | Lab      | Got a shimmering great sword
 19359 | Lab      | Identified the +5 great sword "Ulosotio" {slice, rElec MP+9 Int+3} (You found it in a labyrinth)
 19361 | Lab      | Got a translucent cloak
 19362 | Lab      | Identified the +1 cloak of Happiness {Str+3} (You found it in a labyrinth)
 19376 | Lab      | Identified the cursed ring of Okawaru's Hatred {rN+ MR+ EV-2} (You took it off a minotaur in a labyrinth)
 20234 | Lair:8   | Reached skill level 10 in Shields
 21376 | Lair:4   | You fall through a shaft for 2 floors!
 21433 | Swamp:1  | Entered Level 1 of the Swamp
 21730 | Swamp:1  | HP: 3/114 [11-headed hydra (3)]
 21730 | Swamp:1  | Slain by an 11-headed hydra

Skill      XL: |  1  2  3  4  5  6  7  8  9 10 11 12 13 14 |
---------------+-------------------------------------------+-----
Axes           | 3 4 5 6 7 8 9 10 11 | 11.1
Fighting       | 3 4 5 6 8 9 10 11 | 11.7
Armour         | 2 4 5 6 8 9 10 | 10.1
Invocations    | 2 6 9 12 13 | 13.9
Shields        | 1 3 5 7 9 10 | 10.5
Dodging        | 8 |  8.9
Long Blades    | |  0.8
Throwing       | |  1.7

Action                   |  1- 3 |  4- 6 |  7- 9 | 10-12 | 13-15 || total
-------------------------+-------+-------+-------+-------+-------++-------
Melee: War axe           |    56 |    80 |   161 |    79 |   150 ||   526
       Battleaxe         |       |       |       |   428 |   306 ||   734
       Great sword       |       |       |       |       |    18 ||    18
Invok: Upheaval          |       |       |       |     2 |     3 ||     5
       Disaster Area     |       |       |       |     1 |     2 ||     3
       Elemental Force   |       |       |       |       |     2 ||     2
 Abil: Blink             |       |       |       |       |     1 ||     1
Evoke: Wand              |       |       |       |       |     5 ||     5
  Use: Scroll            |       |     7 |     1 |    16 |    23 ||    47
       Potion            |       |       |    10 |    14 |    12 ||    36
 Stab: Invisible         |       |       |       |     5 |       ||     5
  Eat: Bread ration      |       |     1 |       |     2 |     2 ||     5
       Meat ration       |       |       |     2 |     7 |     5 ||    14
       Fruit             |       |       |       |     4 |       ||     4
Armor: Chain mail        |    17 |    37 |    88 |   140 |       ||   282
       Leather armour    |     2 |       |       |       |       ||     2
       Plate armour      |       |       |    10 |    39 |       ||    49
       Ring mail         |       |       |       |    29 |   160 ||   189
       Crystal plate arm |       |       |       |       |   161 ||   161
Dodge: Dodged            |    38 |    32 |    80 |   176 |   212 ||   538
       Deflected         |       |       |       |     6 |     3 ||     9
Block: Other             |       |     2 |    29 |   154 |   171 ||   356
       Large shield      |       |       |    13 |    73 |   213 ||   299
